 Dungeon Sprint DCSS version 0.31-a0-536-ga3e2962e35 (webtiles) character file.

Game seed: 218515331357477056

40656 Conn the Sorcerer (level 14, 0/88 HPs)
             Began as an Octopode Fire Elementalist on Aug 13, 2023.
             Was the Champion of Sif Muna.
             Slain by an entropy weaver simulacrum (13 damage)
             ... in the Dungeon (Sprint IX: "|||||||||||||||||||||||||||||").
             The game lasted 00:36:12 (4666 turns).

Conn the Sorcerer (Octopode Fire Elementalist)      Turns: 4666, Time: 00:36:13

Health: 0/88       AC:  1    Str:  8    XL:     14   Next: 11%
Magic:  22/39      EV: 16    Int: 25    God:    Sif Muna [******]
Gold:   1689       SH:  0    Dex: 13    Spells: 6/55 levels left

rFire   + . .        t - +5 whip of Wu Jian's Wrath {drain, rElec rPois Str-3 Int+4}
rCold   . . .        (no shield)
rNeg    . . .        c - +2 hat
rPois   +            (no amulet)
rElec   +            j - +2 ring of protection
rCorr   .            k - +3 ring of strength
SInv    +            r - ring of see invisible
Will    +....        q - ring of poison resistance
Stlth   ++++         (no ring)
HPRegen 0.34/turn    (no ring)
MPRegen 0.26/turn    (no ring)
                     (no ring)

%: no teleportation
@: corroded, channelling, unable to read
A: almost no armour, amphibious, 8 rings, camouflage 1, gelatinous body 1,
(nimble swimmer 1), tentacles, fire resistance 1, inability to read after injury
1
a: Renounce Religion, Channel Magic, Forget Spell, Divine Exegesis


You were in the Dungeon.
You worshipped Sif Muna.
Sif Muna was exalted by your worship.
You visited 1 branch You collected 1953 gold pieces.
You spent 264 gold pieces at shops.

Inventory:

Hand Weapons
 i - a +2 rapier of distortion
 s - the +2 sling of Past Mistakes {drain, rPois rCorr}
   (You found it in the Dungeon)

   rPois:     It protects you from poison rCorr: It protects you from acid and
   corrosion.
 t - the +5 whip of Wu Jian's Wrath (weapon) {drain, rElec rPois Str-3 Int+4}
   (You found it in the Dungeon)

   Str-3:     It affects your strength (-3).
   Int+4:     It affects your intelligence (+4).
   rElec:     It insulates you from electricity.
   rPois:     It protects you from poison
Missiles
 o - 4 throwing nets
Armour
 c - a +2 hat (worn)
Jewellery
 j - a +2 ring of protection (left tentacle)
 k - a +3 ring of strength (right tentacle)
 p - a ring of ice
 q - a ring of poison resistance (on tentacle)
 r - a ring of see invisible (on tentacle)
Wands
 h - a wand of light (3)
Scrolls
 f - 3 scrolls of blinking
 l - 5 scrolls of identify
 m - 2 scrolls of fear
 n - 2 scrolls of fog
 w - 2 scrolls of enchant armour
Potions
 a - 2 potions of magic
 b - 4 potions of curing
 d - 4 potions of heal wounds
 e - a potion of berserk rage
 g - a potion of lignification
 u - a potion of haste
 v - a potion of might


   Skills:
 + Level 5.5 Fighting
 + Level 3.7 Short Blades
 + Level 7.3 Dodging
 - Level 6.1 Stealth
 - Level 1.7 Unarmed Combat
 * Level 21.2 Spellcasting
 * Level 14.3 Conjurations
 + Level 4.4 Hexes
 + Level 17.1 Fire Magic
 + Level 4.6 Ice Magic
 + Level 12.7 Air Magic
 + Level 0.2 Earth Magic
 * Level 13.6 Invocations
 + Level 1.8 Evocations


You had 6 spell levels left.
You knew the following spells:

 Your Spells              Type           Power      Damage    Failure   Level
a - Foxfire               Conj/Fire      100%       2x1d9     0%          1
b - Scorch                Fire           100%       2d9       0%          2
c - Inner Flame           Hex/Fire       69%        N/A       1%          3
d - Flame Wave            Conj/Fire      81%        2d18      1%          4
e - Iskenderun's Mystic   Conj/Tloc      58%        2d12      1%          4
f - Starburst             Conj/Fire      40%        6d12      1%          6
g - Freezing Cloud        Conj/Ice/Air   34%        6-21      1%          5
h - Stone Arrow           Conj/Erth      100%       3d13      1%          3
i - Iskenderun's Battles  Conj           78%        2d13      1%          5
j - Fireball              Conj/Fire      40%        3d16      1%          5
k - Plasma Beam           Fire/Air       39%        2x1d53    1%          6
l - Blink                 Tloc           52%        N/A       2%          2
m - Hailstorm             Conj/Ice       65%        3d14      1%          3

Your spell library contained the following spells:

 Spells                   Type           Power      Damage    Failure   Level
 Magic Dart               Conj           100%       1d8       0%          1
 Shock                    Conj/Air       100%       1d9       0%          1
 Searing Ray              Conj           100%       2d8       0%          2
 Static Discharge         Conj/Air       100%       2-7/arc   0%          2
 Kiss of Death            Conj/Necr      100%       2d13      1%          1
 Sandblast                Erth           54%        2d13      1%          1
 Summon Small Mammal      Summ           100%       N/A       1%          1
 Cigotuvi's Dreadful Rot  Necr/Pois/Air  94%        N/A       1%          2
 Momentum Strike          Conj/Tloc      100%       3d10      1%          2
 Confusing Touch          Hex            48%        N/A       1%          3
 Dazzling Flash           Conj/Hex       100%       N/A       1%          3
 Frozen Ramparts          Ice            100%       1d16      1%          3
 Ignite Poison            Fire/Tmut/Pois 53%        N/A       1%          3
 Ozocubu's Armour         Ice            50%        N/A       1%          3
 Portal Projectile        Hex/Tloc       74%        N/A       1%          3
 Swiftness                Air            74%        N/A       1%          3
 Tukima's Dance           Hex            48%        N/A       1%          3
 Volatile Blastmotes      Fire/Tloc      100%       2d18      1%          3
 Airstrike                Air            37%        2d(6-22)  1%          4
 Fulminant Prism          Conj/Hex       32%        3d15      1%          4
 Sticky Flame             Conj/Fire      81%        2d9       1%          4
 Summon Lightning Spire   Summ/Air       55%        N/A       1%          4
 Arcjolt                  Conj/Air       38%        1d48      1%          5
 Silence                  Hex/Air        31%        N/A       1%          5
 Conjure Ball Lightning   Conj/Air       38%        3x3d12    1%          6
 Lesser Beckoning         Tloc           52%        N/A       2%          2
 Sublimation of Blood     Necr           26%        N/A       2%          2
 Irradiate                Conj/Tmut      29%        3d21      2%          5
 Metabolic Englaciation   Hex/Ice        24%        N/A       7%          5
 Leda's Unmaking          Conj/Erth      29%        9d5       12%         6
 Animate Dead             Necr           26%        N/A       16%         4
 Manifold Assault         Tloc           26%        N/A       16%         4
 Petrify                  Tmut/Erth      27%        N/A       16%         4
 Yara's Violent Unravell  Hex/Tmut       18%        3d9       17%         5
 Borgnjor's Vile Clutch   Necr/Erth      13%        N/A       38%         5
 Dispersal                Tloc           13%        N/A       94%         6
 Eringya's Noxious Bog    Tmut/Pois      13%        4d6       94%         6
 Maxwell's Capacitive Co  Air            37%        ∞         50%         8
 Spellforged Servitor     Conj/Summ      29%        N/A       56%         7
 Enfeeble                 Hex            24%        N/A       91%         7
 Fire Storm               Conj/Fire      40%        8d10      94%         9
 Lehudib's Crystal Spear  Conj/Erth      29%        10d8      99%         8
 Chain Lightning          Conj/Air       38%        3d50      99%         9
 Malign Gateway           Summ/Tloc      13%        N/A       100%        7
 Discord                  Hex            24%        N/A       100%        8
 Death's Door             Necr           13%        N/A       100%        9
 Polar Vortex             Ice            25%        12d3*     100%        9


Dungeon Overview and Level Annotations

Branches:
Dungeon (1/1)

Altars:
Cheibriados
Dithmenos
Elyvilon
Fedhas
Gozag
Hepliaklqana
Kikubaaqudgha
Makhleb
Nemelex Xobeh
Okawaru
Qazlal
Ru
Sif Muna
Trog
Uskayaw
Vehumet
Wu Jian
Xom
Yredelemnul
Zin
The Shining One
Jiyva
Lugonu

Shops:
D ?=:*


Innate Abilities, Weirdness & Mutations

You cannot wear most types of armour.
You are amphibious.
You can wear up to eight rings at the same time.
Your skin changes colour to match your surroundings (Stealth+).
Your rubbery body absorbs attacks. (AC +1, EV +1)
((You are camouflaged when in or above water. (Stealth+)))
You have tentacles for arms and can constrict up to eight enemies at once.
Your flesh is heat resistant. (rF+)
You occasionally lose the ability to read scrolls when taking damage.


Message History

You see here Sif Muna's Almanac of Charred Gusts {god gift}.
Sif Muna grants you a gift!
The bolt of fire hits the entropy weaver!!!
You kill the entropy weaver!
Sif Muna accepts your kill.
A freezing mist starts to gather... x2 2 entropy weaver simulacra come into view.
You feel your strength returning.
Your Spellcasting skill increases to level 21!
Your Fire Magic skill increases to level 17!
Unknown command.
Unknown command.
Casting: Starburst (dangerous; 1% risk of failure)
Confirm with . or Enter, or press ? or * to list all spells.
Casting: Starburst (dangerous; 1% risk of failure)
Press: ? - help, Dir - look around, f - activate The bolt of fire misses the entropy weaver simulacrum. x2
The entropy weaver simulacrum completely misses you.
The entropy weaver simulacrum misses you.
The entropy weaver simulacrum barely misses you.
The entropy weaver simulacrum completely misses you.
Casting: Starburst (dangerous; 1% risk of failure)
Confirm with . or Enter, or press ? or * to list all spells.
Casting: Starburst (dangerous; 1% risk of failure)
Press: ? - help, Dir - look around, f - activate The bolt of fire misses the entropy weaver simulacrum.
The bolt of fire hits the entropy weaver simulacrum!!
The entropy weaver simulacrum melts!
The entropy weaver simulacrum vaporises!
You hear a sizzling sound!
The entropy weaver simulacrum barely misses you.
The entropy weaver simulacrum hits you!
The entropy weaver simulacrum freezes you!
* * * LOW HITPOINT WARNING * * *
The entropy weaver simulacrum barely misses you.
The entropy weaver simulacrum hits you!
* * * LOW HITPOINT WARNING * * *
The entropy weaver simulacrum freezes you!
You feel threatened and lose the ability to read scrolls!
You die...

)))))..)....')))).)......).).).∩)
▓▓▓▓▓▓▓▓▓▓▓▓▓▓▓▓▓▓▓▓▓▓▓▓▓▓▓▓▓▓▓▓▓
..................)..............
▓▓▓▓▓▓▓▓▓▓▓▓▓▓▓▓▓▓▓▓▓▓▓▓▓▓▓▓▓▓▓▓▓
)).).))).[[[[[[[[.........(÷)(.)÷
▓▓▓▓▓▓▓▓▓▓▓▓▓▓▓▓▓▓▓▓▓▓▓▓▓▓▓▓▓▓▓▓▓
.......................÷....÷....
▓▓▓▓▓▓▓▓▓▓▓▓▓▓▓▓▓▓▓▓▓▓▓▓▓▓▓▓▓▓♣♣♣
'))).)...†'))..)@Z.:'..†...
▓▓▓▓▓▓▓▓▓▓▓▓▓▓▓▓▓▓▓▓▓▓▓▓▓▓▓


You could see an entropy weaver simulacrum.

Vanquished Creatures
  Gastronok (D)
  Aizul (D)
  Kirke (D)
  A ghost moth (D)
  A very ugly thing (D)
  2 stone giants (D)
  3 dire elephants (D)
  A merfolk impaler (D)
  Josephine (D)
  2 entropy weavers (D)
  3 fire dragons (D)
  Harold (D)
  An anaconda (D)
  A jorogumo (D)
  3 centaur warriors (D)
  A merfolk avatar (D)
  2 boulder beetles (D)
  A two-headed ogre (D)
  A deep troll earth mage (D)
  2 demonic crawlers (D)
  2 naga sharpshooters (D)
  8 orc high priests (D)
  A pharaoh ant (D)
  A sea snake (D)
  A naga ritualist (D)
  An orc knight (D)
  A deep elf pyromancer (D)
  A harpy (D)
  A mana viper (D)
  2 manticores (D)
  A salamander (D)
  A cyclops (D)
  A water nymph (D)
  5 elephants (D)
  2 merfolk sirens (D)
  A black mamba (D)
  A komodo dragon (D)
  2 cane toads (D)
  A rime drake (D)
  A wind drake (D)
  A merfolk (D)
  A tarantella (D)
  A blink frog (D)
  A dream sheep (shapeshifter) (D)
  A slime creature (D)
  A culicivora (D)
  4 wraiths (D)
  A wyvern (D)
  5 hogs (D)
  Eustachio (D)
  5 yaks (D)
  A steam dragon (D)
  2 nagas (D)
  6 water moccasins (D)
  9 orc warriors (D)
  A wight (D)
  A howler monkey (D)
  10 orc priests (D)
  A gnoll bouda (D)
  An iguana (D)
  5 orc wizards (D)
  An adder (D)
  A dart slug (D)
  9 orcs (D)
  An endoplasm (D)
  2 giant cockroaches (D)
  A quokka (D)
  A ball python (D)
140 creatures vanquished.

Vanquished Creatures (others)
  A deep elf pyromancer (D)
  An acid dragon (D)
  40 foxfires (D)
42 creatures vanquished.

Grand Total: 182 creatures vanquished

Notes
Turn   | Place    | Note
-------+----------+-------------------------------------------
     0 | D        | Conn the Octopode Fire Elementalist began the quest for the
                  | Orb.
     0 | D        | Reached XP level 1. HP: 11/11 MP: 3/3
    92 | D        | Noticed an iguana
    92 | D        | Noticed a gnoll bouda
    97 | D        | Reached skill level 1 in Unarmed Combat
    97 | D        | Reached XP level 2. HP: 17/17 MP: 3/5
   108 | D        | Reached skill level 3 in Spellcasting
   108 | D        | Reached skill level 5 in Fire Magic
   108 | D        | Reached XP level 3. HP: 12/22 MP: 5/8
   116 | D        | Reached skill level 4 in Spellcasting
   116 | D        | Reached XP level 4. HP: 16/27 MP: 6/10
   187 | D        | Learned a level 2 spell: Scorch
   191 | D        | Learned a level 3 spell: Inner Flame
   196 | D        | Learned a level 4 spell: Flame Wave
   196 | D        | Found a snail-covered altar of Cheibriados.
   196 | D        | Found a shadowy altar of Dithmenos.
   196 | D        | Found a white marble altar of Elyvilon.
   196 | D        | Found a blossoming altar of Fedhas.
   196 | D        | Found an opulent altar of Gozag.
   197 | D        | Found a hazy altar of Hepliaklqana.
   198 | D        | Found a viscous altar of Jiyva.
   199 | D        | Found an ancient bone altar of Kikubaaqudgha.
   200 | D        | Found a corrupted altar of Lugonu.
   201 | D        | Found a burning altar of Makhleb.
   202 | D        | Found a sparkling altar of Nemelex Xobeh.
   203 | D        | Found an iron altar of Okawaru.
   204 | D        | Found a stormy altar of Qazlal.
   205 | D        | Found a sacrificial altar of Ru.
   206 | D        | Found a shimmering blue altar of Sif Muna.
   207 | D        | Found a bloodstained altar of Trog.
   208 | D        | Found a hide-covered altar of Uskayaw.
   209 | D        | Found a radiant altar of Vehumet.
   210 | D        | Found an ornate altar of the Wu Jian Council.
   211 | D        | Found a shimmering altar of Xom.
   212 | D        | Found a basalt altar of Yredelemnul.
   213 | D        | Found a glowing silver altar of Zin.
   214 | D        | Found a glowing golden altar of the Shining One.
   216 | D        | Became a worshipper of Sif Muna the Loreminder
   245 | D        | Noticed a steam dragon
   245 | D        | Noticed an orc warrior
   245 | D        | Noticed a two-headed ogre
   363 | D        | Killed a steam dragon
   364 | D        | Reached skill level 1 in Fighting
   364 | D        | Reached skill level 6 in Spellcasting
   364 | D        | Reached XP level 5. HP: 10/33 MP: 1/13
   364 | D        | Killed a two-headed ogre
   365 | D        | Reached skill level 5 in Dodging
   365 | D        | Reached skill level 9 in Spellcasting
   365 | D        | Reached skill level 1 in Hexes
   365 | D        | Reached XP level 6. HP: 13/41 MP: 14/18
   365 | D        | Reached XP level 7. HP: 15/45 MP: 14/19
   488 | D        | Learned a level 3 spell: Volatile Blastmotes
   500 | D        | Reached * piety under Sif Muna
   526 | D        | Reached XP level 8. HP: 6/51 MP: 6/21
   526 | D        | Reached ** piety under Sif Muna
   704 | D        | Noticed a deep elf pyromancer
   704 | D        | Noticed a centaur warrior
   704 | D        | Noticed a cyclops
   704 | D        | Noticed a centaur warrior
   704 | D        | Noticed a manticore
   706 | D        | Killed a deep elf pyromancer
   707 | D        | Reached skill level 10 in Spellcasting
   707 | D        | Reached skill level 10 in Fire Magic
   707 | D        | Reached skill level 1 in Invocations
   710 | D        | Killed a centaur warrior
   710 | D        | Killed a centaur warrior
   711 | D        | Reached skill level 1 in Short Blades
   711 | D        | Reached skill level 11 in Spellcasting
   711 | D        | Reached XP level 9. HP: 4/57 MP: 16/24
   861 | D        | Killed a cyclops
   862 | D        | Reached skill level 12 in Spellcasting
   862 | D        | Reached skill level 5 in Invocations
   862 | D        | Reached skill level 1 in Evocations
   928 | D        | Killed a manticore
   928 | D        | Reached *** piety under Sif Muna
  1114 | D        | Gained mutation: You occasionally lose the ability to read
                  | scrolls when taking damage. [potion of mutation]
  1114 | D        | Gained mutation: Your flesh is heat resistant. (rF+)
                  | [potion of mutation]
  1116 | D        | Noticed a rime drake
  1116 | D        | Noticed a cane toad
  1122 | D        | Killed a rime drake
  1122 | D        | Reached **** piety under Sif Muna
  1123 | D        | Reached XP level 10. HP: 51/63 MP: 14/26
  1124 | D        | Killed a cane toad
  1125 | D        | Reached skill level 13 in Spellcasting
  1316 | D        | Noticed a cane toad
  1317 | D        | Noticed an elephant
  1321 | D        | Reached ***** piety under Sif Muna
  1328 | D        | Received a gift from Sif Muna
  1329 | D        | Reached skill level 14 in Spellcasting
  1332 | D        | Killed a cane toad
  1335 | D        | Banished an elephant
  1336 | D        | Reached skill level 10 in Conjurations
  1345 | D        | Learned a level 3 spell: Ignite Poison
  1476 | D        | Learned a level 5 spell: Freezing Cloud
  1476 | D        | Noticed an elephant
  1476 | D        | Noticed a dire elephant
  1476 | D        | Noticed an elephant
  1476 | D        | Noticed an elephant
  1476 | D        | Noticed an elephant
  1476 | D        | Noticed an elephant
  1477 | D        | Noticed a dire elephant
  1490 | D        | Killed an elephant
  1493 | D        | Noticed a dire elephant
  1494 | D        | Killed a dire elephant
  1494 | D        | Killed a dire elephant
  1495 | D        | Reached skill level 15 in Spellcasting
  1495 | D        | Reached XP level 11. HP: 54/69 MP: 9/30
  1716 | D        | Killed a dire elephant
  1716 | D        | Received a gift from Sif Muna
  1717 | D        | Got Sif Muna's Volume of Conflict {god gift}
  1836 | D        | Learned a level 3 spell: Stone Arrow
  1842 | D        | Learned a level 5 spell: Iskenderun's Battlesphere
  2126 | D        | Reached skill level 16 in Spellcasting
  2276 | D        | Noticed Gastronok
  2315 | D        | Killed Gastronok
  2387 | D        | Noticed Eustachio
  2403 | D        | Killed Eustachio
  2448 | D        | Received a gift from Sif Muna
  2462 | D        | Reached ****** piety under Sif Muna
  2470 | D        | Received a gift from Sif Muna
  2487 | D        | Got Sif Muna's Spellbook of Lava and Fascination {god gift}
  2494 | D        | Learned a level 5 spell: Fireball
  2501 | D        | Learned a level 6 spell: Plasma Beam
  2516 | D        | Got Sif Muna's Vellum of Conjured Correspondence {god gift}
  2625 | D        | Received a gift from Sif Muna
  2673 | D        | Reached skill level 5 in Air Magic
  2843 | D        | Got Sif Muna's Precepts of Kindling and the Shot {god gift}
  2865 | D        | Learned a level 4 spell: Iskenderun's Mystic Blast
  2869 | D        | Found Adi Gism's Magic Scroll Emporium.
  2869 | D        | Noticed an orc high priest
  2869 | D        | Noticed an orc high priest
  2871 | D        | Killed an orc high priest
  2873 | D        | Killed an orc high priest
  2873 | D        | Received a gift from Sif Muna
  2874 | D        | Reached XP level 12. HP: 75/75 MP: 19/32
  2875 | D        | Found Imypn's Jewellery Shoppe.
  2875 | D        | Noticed an orc high priest
  2877 | D        | Noticed an orc high priest
  2879 | D        | Killed an orc high priest
  2879 | D        | Noticed an orc high priest
  2880 | D        | Reached skill level 17 in Spellcasting
  2880 | D        | Noticed a soul eater
  2880 | D        | Killed an orc high priest
  2881 | D        | Reached skill level 10 in Invocations
  2881 | D        | Killed an orc high priest
  2883 | D        | Noticed an orc high priest
  3079 | D        | Killed an orc high priest
  3081 | D        | Noticed an orc high priest
  3082 | D        | Got Sif Muna's Octavo of Stony Alteration {god gift}
  3087 | D        | Noticed an orc high priest
  3088 | D        | Found Muytt's Book Emporium.
  3089 | D        | Killed an orc high priest
  3089 | D        | Killed an orc high priest
  3089 | D        | Received a gift from Sif Muna
  3098 | D        | Found Qumuaga's General Store.
  3115 | D        | Bought a potion of lignification for 30 gold pieces
  3124 | D        | Learned a level 6 spell: Starburst
  3124 | D        | Bought a book of Spatial Translocations for 234 gold pieces
  3127 | D        | Learned a level 2 spell: Blink
  3260 | D        | Noticed Harold
  3265 | D        | Killed Harold
  3407 | D        | Noticed Josephine
  3412 | D        | Killed Josephine
  3413 | D        | Reached skill level 15 in Fire Magic
  3414 | D        | Reached skill level 18 in Spellcasting
  3536 | D        | Got the +2 sling of Past Mistakes {drain, rPois rCorr}
  3539 | D        | Got the +5 whip of Wu Jian's Wrath {drain, rElec rPois
                  | Str-3 Int+4}
  3571 | D        | Noticed a centaur warrior
  3573 | D        | Received a gift from Sif Muna
  3574 | D        | Reached skill level 5 in Fighting
  3574 | D        | Killed a centaur warrior
  3574 | D        | Noticed a boulder beetle
  3576 | D        | Killed a boulder beetle
  3579 | D        | Got Ohomom's Tome of Power and the Undead {god gift}
  3581 | D        | Noticed a boulder beetle
  3614 | D        | Noticed a stone giant
  3614 | D        | Noticed a fire dragon
  3615 | D        | Noticed a white very ugly thing
  3617 | D        | Noticed a fire dragon
  3621 | D        | Killed a boulder beetle
  3621 | D        | Killed a white very ugly thing
  3621 | D        | Received a gift from Sif Muna
  3621 | D        | Killed a stone giant
  3622 | D        | Reached XP level 13. HP: 38/81 MP: 5/35
  3623 | D        | Killed a fire dragon
  3624 | D        | Noticed a stone giant
  3632 | D        | Killed a stone giant
  3632 | D        | Noticed a fire dragon
  3633 | D        | Reached skill level 19 in Spellcasting
  3633 | D        | Killed a fire dragon
  3683 | D        | Killed a fire dragon
  3878 | D        | Reached skill level 10 in Air Magic
  3881 | D        | Got Cotev's Information on Kinetic Energy {god gift}
  3918 | D        | Noticed Aizul
  3925 | D        | Killed Aizul
  4117 | D        | Noticed Kirke
  4119 | D        | Received a gift from Sif Muna
  4121 | D        | Killed Kirke
  4124 | D        | Got Ekkinnua's Vellum of Cold Transmogrification {god gift}
  4248 | D        | Learned a level 3 spell: Hailstorm
  4252 | D        | Received a gift from Sif Muna
  4255 | D        | Reached skill level 20 in Spellcasting
  4260 | D        | Got Sif Muna's Incunable of Overhead Heat {god gift}
  4530 | D        | Noticed a merfolk impaler
  4535 | D        | Killed a merfolk impaler
  4535 | D        | Received a gift from Sif Muna
  4542 | D        | Got Sefoq's Octavo of Helpful Beguiling {god gift}
  4651 | D        | Noticed a ghost moth
  4652 | D        | Received a gift from Sif Muna
  4653 | D        | Reached XP level 14. HP: 67/88 MP: 25/38
  4664 | D        | Killed a ghost moth
  4664 | D        | Received a gift from Sif Muna
  4665 | D        | Reached skill level 21 in Spellcasting
  4666 | D        | Slain by an entropy weaver simulacrum

Illustrated notes

Levels and vault maps discovered:
D:        linesprint [early_d, line_temple, items_1, d_10, items_2, lair_1,
          lair_end, items_3, orc_1, orc_end, items_4, d_15, swamp_1, shoals_1,
          snake_1, spider_1, d_20, vaults_1, items_5, swamp_end, shoals_end,
          snake_end, spider_end, vaults_end, d_27, items_6, zot_1, zot_end,
          crypt_end, forest_end, elf_end, slime_end, tomb_end, abyss_end,
          pan_hell_end]

Skill      XL: |  1  2  3  4  5  6  7  8  9 10 11 12 13 14 |
---------------+-------------------------------------------+-----
Fire Magic     | 4 5 7 9 11 13 14 15 16 17 | 17.1
Unarmed Combat | 1 |  1.7
Stealth        | 3 4 6 |  6.1
Spellcasting   | 3 4 6 9 11 12 15 16 18 20 21 | 21.2
Conjurations   | 2 4 6 7 8 9 10 11 12 14 | 14.3
Fighting       | 1 2 3 4 5 |  5.5
Dodging        | 3 5 6 7 |  7.3
Hexes          | 1 2 3 4 |  4.4
Invocations    | 4 6 8 9 11 13 | 13.6
Short Blades   | 1 2 3 |  3.7
Evocations     | 1 |  1.8
Ice Magic      | 2 4 |  4.6
Air Magic      | 2 5 9 12 | 12.7
Earth Magic    | |  0.2

Action                     |  1- 3 |  4- 6 |  7- 9 | 10-12 | 13-15 || total
---------------------------+-------+-------+-------+-------+-------++-------
  Melee: Unarmed           |    39 |       |       |       |       ||    39
         Constrict         |     7 |       |     2 |     7 |       ||    16
         Tentacles         |     7 |       |     1 |     8 |       ||    16
         Rapier            |       |       |     5 |    25 |       ||    30
         Punch             |       |       |     1 |       |       ||     1
   Cast: Foxfire           |     4 |     1 |     6 |    26 |     3 ||    40
         Scorch            |       |     5 |     8 |    51 |       ||    64
         Inner Flame       |       |     2 |     5 |    12 |       ||    19
         Flame Wave        |       |     1 |     1 |    15 |     1 ||    18
         Freezing Cloud    |       |       |       |     4 |     1 ||     5
         Plasma Beam       |       |       |       |    22 |    30 ||    52
         Iskenderun's Batt |       |       |       |     2 |     5 ||     7
         Starburst         |       |       |       |     3 |     8 ||    11
         Fireball          |       |       |       |       |     2 ||     2
         Stone Arrow       |       |       |       |       |     2 ||     2
         Iskenderun's Myst |       |       |       |       |     1 ||     1
 Invoke: Channel Magic     |       |       |       |     3 |     5 ||     8
  Evoke: Wand              |       |       |     3 |     4 |       ||     7
    Use: Potion            |     2 |     7 |     1 |     4 |     2 ||    16
         Scroll            |       |       |       |     2 |       ||     2
   Stab: Sleeping          |       |       |     1 |       |       ||     1
 Armour: Skin              |     1 |     1 |     2 |     7 |     1 ||    12
  Dodge: Dodged            |    16 |     8 |     4 |    49 |    14 ||    91

Table legend: (Time is in decaauts)
 A = Elapsed time spent in this place.
 B = Non-inter-level travel time spent in this place.
 C = Inter-level travel time spent in this place.
 D = Time resting spent in this place.
 E = Time spent auto-exploring this place.
 F = Levels seen in this place.
 G = Mean time per level.
                   A        B        C        D        E       F      G
               +--------+--------+--------+--------+--------+-----+--------+
         Total |   4657 |   4657 |      0 |   2508 |     80 |   1 | 4657.0 |
       Dungeon |   4657 |   4657 |      0 |   2508 |     80 |   1 | 4657.0 |
               +--------+--------+--------+--------+--------+-----+--------+

Top non-repeatable levels by time:
       D: 4657 daAuts
